 Seeded DCSS version 0.31-a0-496-g6f97920a28 (webtiles) character file.

Game seed: 7415222406553760909 (custom seed)

38 innerfire43 the Trooper (level 3, -3/29 HPs)
             Began as a Demonspawn Monk on Aug 8, 2023.
             Slain by a worm (8 damage)
             ... on level 2 of the Dungeon.
             The game lasted 00:01:03 (769 turns).

innerfire43 the Trooper (Demonspawn Monk)            Turns: 769, Time: 00:01:04

Health: -3/29      AC:  2    Str: 13    XL:     3   Next: 25%
Magic:  3/3        EV: 13    Int: 11    God:
Gold:   27         SH:  0    Dex: 15    Spells: 2/2 levels left

rFire   . .          .
                       - Unarmed
rCold   . . .        c - orb {light}
rNeg    . . .        a - +0 robe
rPois   .            (no helmet)
rElec   .            (no cloak)
rCorr   .            (no gloves)
SInv    .            (no boots)
Will    .....        (no amulet)
Stlth   +            (no ring)
HPRegen 0.24/turn    (no ring)
MPRegen 0.08/turn

%: no passive effects
@: glowing
A: spiny 1
a: no special abilities


You were on level 2 of the Dungeon.
You visited 1 branch of the dungeon, and saw 2 of its levels.

You collected 55 gold pieces.
You spent 28 gold pieces at shops.

Inventory:

Armour
 a - a +0 robe (worn)
 c - an orb of light (worn)
Jewellery
 d - a ring of wizardry
 f - a ring of positive energy
 k - a ring of wizardry
Talismans
 g - a flux talisman
Scrolls
 h - a scroll of teleportation {unknown}
 i - 2 scrolls of identify
Potions
 b - a potion of ambrosia
 e - a potion of curing
 j - a potion of lignification {unknown}


   Skills:
 - Level 3.0 Fighting
 - Level 3.0 Dodging
 - Level 3.0 Unarmed Combat
 * Level 1.5 Shapeshifting


You had 2 spell levels left.
You didn't know any spells.
Your spell library was empty.

Dungeon Overview and Level Annotations

Branches:
Dungeon (2/15)

Altars:

Shops:
D:1 ?


Innate Abilities, Weirdness & Mutations

You are partially covered in sharp spines.


Message History

The goblin unwields a +0 sling.
The goblin wields a +0 dagger.
The goblin is struck by your spines.
You kill the goblin!
Things that are here:
a +0 dagger; a +0 sling; a goblin corpse The goblin shoots a sling bullet.
The sling bullet misses you.
The goblin shoots a sling bullet.
The sling bullet barely misses you.
The goblin shoots a sling bullet.
The sling bullet hits you.
The goblin unwields a +0 sling.
The goblin wields a +1 dagger of venom.
It begins to drip with poison!
The goblin hits you with a +1 dagger of venom.
You are lethally poisoned!
You hit the goblin.
The goblin is almost dead.
You feel very sick. The goblin is struck by your spines.
You kill the goblin!
* * * LOW HITPOINT WARNING * * *
You feel very sick. The goblin is struck by your spines.
The goblin hits you with a +0 club.
* * * LOW HITPOINT WARNING * * *
A worm comes into view.
Things that are here:
a +1 dagger of venom; a +0 sling; a goblin corpse It was a potion of curing.
You feel better. The goblin is struck by your spines.
You kill the goblin!
Items here: ))) †.
The worm is struck by your spines. The worm bites you!
* * * LOW HITPOINT WARNING * * *
You see here 5 stones.
You hit the worm.
The worm is moderately wounded.
The worm closely misses you.
You hit the worm.
The worm is heavily wounded.
You hit the worm.
The worm is heavily wounded.
The worm is struck by your spines. The worm bites you!
You die...

#.# #.#########
#.#........ . ####
#.#.#######
..#######.. #.#.#
#g........# #.#.#
###.......# #.#.#
.........w######.#.#
.........@...))..#.#
...#.....#########.#
####>.......# #.#
########.# #.#
#...#.# #.# #.#.#.#
#.# #.#.#.# #.#
#.#.#.# #.#
.#######.#<#.# #.#


You could see a worm.

Vanquished Creatures
  A dart slug (D:2)
  2 bats (D:1)
  2 giant cockroaches (D:1)
  7 goblins
  2 hobgoblins (D:1)
  6 jackals (D:1)
  3 quokkas
  2 ball pythons (D:1)
  2 frilled lizards (D:1)
  2 kobolds (D:1)
  2 rats (D:1)
31 creatures vanquished.

Notes
Turn   | Place    | Note
-------+----------+-------------------------------------------
     0 | D:1      | innerfire43 the Demonspawn Monk began the quest for the
                  | Orb.
     0 | D:1      | Reached XP level 1. HP: 18/18 MP: 1/1
    81 | D:1      | Gained mutation: You are partially covered in sharp spines.
                  | [demonic ancestry]
    81 | D:1      | Reached XP level 2. HP: 16/24 MP: 2/2
   100 | D:1      | Reached skill level 1 in Shapeshifting
   240 | D:1      | Reached XP level 3. HP: 24/29 MP: 3/3
   331 | D:1      | Found Onoqawk's Magic Scroll Emporium.
   340 | D:1      | Bought a scroll of identify for 28 gold pieces
   769 | D:2      | Slain by a worm

Illustrated notes

Levels and vault maps discovered:
D:1:      spicycebolla_green_bress_n_ham_2, layout_rooms, serial_shops, shop,
          minmay_misc_feat_hallway
D:2:      layout_basic, uniq_robin

Skill      XL: |  1  2 |
---------------+-------+-----
Shapeshifting  | 1 |  1.5
Dodging        | 3 |  3.0
Unarmed Combat | 3 |  3.0
Fighting       | |  3.0

Action                     || total
---------------------------++-------
  Melee: Unarmed           ||    73
    Use: Potion            ||     1
 Armour: Robe              ||    13
  Dodge: Dodged            ||    66

Table legend: (Time is in decaauts)
 A = Elapsed time spent in this place.
 B = Non-inter-level travel time spent in this place.
 C = Inter-level travel time spent in this place.
 D = Time resting spent in this place.
 E = Time spent auto-exploring this place.
 F = Levels seen in this place.
 G = Mean time per level.
                   A        B        C        D        E       F      G
               +--------+--------+--------+--------+--------+-----+--------+
         Total |    767 |    756 |     11 |      0 |    588 |   2 |  383.5 |
       Dungeon |    767 |    756 |     11 |      0 |    588 |   2 |  383.5 |
               +--------+--------+--------+--------+--------+-----+--------+

Top non-repeatable levels by time:
     D:1: 559 daAuts
     D:2: 207 daAuts
